 Dungeon Crawl Stone Soup version 0.30-a0-311-gf115ab0292 (webtiles) character file.

Game seed: 7842215342596765792

102 kae the Trooper (level 4, -6/40 HPs)
             Began as a Ghoul Fighter on Oct 25, 2022.
             Mangled by an orc
             ... wielding a +0 morningstar
              (10 damage)
             ... on level 3 of the Dungeon.
             The game lasted 00:01:50 (2182 turns).

kae the Trooper (Ghoul Fighter)                     Turns: 2182, Time: 00:01:51

Health: -6/40      AC:  6    Str: 19    XL:     4   Next: 77%
Magic:  3/3        EV:  9    Int:  5    God:
Gold:   135        SH:  0    Dex:  8    Spells: 3/3 levels left

rFire   + . .      SeeInvis .      - Unarmed
rCold   + . .      Faith    .    (no shield)
rNeg    + + +      Spirit   .    a - +0 scale mail
rPois   ∞          Reflect  .    (no helmet)
rElec   .          Harm     .    (no cloak)
rCorr   .          Rampage  .    (no gloves)
Will    .....                    (no boots)
Stlth   ..........               (no amulet)
HPRegen 0.00/turn                F - ring of protection from fire
MPRegen 0.08/turn                Z - ring of wizardry

@: about to teleport, inhibited regen
A: claws 1, cold resistance 1, negative energy resistance 3, inhibited
regeneration, torment resistance 2, devour on kill
a: no special abilities


You were on level 3 of the Dungeon.
You visited 1 branch of the dungeon, and saw 3 of its levels.

You collected 135 gold pieces.


Innate Abilities, Weirdness & Mutations

You are immune to poison.
You have sharp fingernails.
Your flesh is cold resistant. (rC+)
You are immune to negative energy. (rN+++)
You do not regenerate when monsters are visible.
You are immune to unholy pain and torment.
You thrive by killing the living.


   Skills:
 + Level 3.9 Fighting
 + Level 3.2 Armour
 + Level 1.3 Dodging
 - Level 2.6 Shields
 * Level 3.7 Unarmed Combat


You had 3 spell levels left.
You didn't know any spells.
Your spell library was empty.

Inventory:

Missiles
 d - 25 stones (quivered)
 f - 2 javelins
 r - 6 poisoned darts
Armour
 a - a +0 scale mail (worn)
 b - a +0 buckler
Jewellery
 F - a ring of protection from fire (left claw)
   (You found it on level 2 of the Dungeon)
 Z - a ring of wizardry (right claw)
   (You found it on level 2 of the Dungeon)
Scrolls
 e - 2 scrolls of amnesia {unknown}
 g - a scroll of vulnerability {!r!r}
 q - 4 scrolls of magic mapping {!r}
Potions
 c - 2 potions of might
 h - 2 potions of curing {unknown}
 k - 2 potions of lignification {unknown}
 l - a potion of flight {unknown}
 o - a potion of brilliance {unknown}
 p - a potion of haste {@q3}

Dungeon Overview and Level Annotations

Branches:
Dungeon (3/15) Zot: 15823

Altars:
Yredelemnul

*,,*,,,,,,,,,,,,,,,
*#..##...,,,,,,,,,*
#..#.#.,..,,,,,,*,
#...#.*#...,,,**,*
#...$##.#..,,*,**,
#....#.#.#,,*,*,*,
#.....#.#*,,**,*,,
#oo....#*,,,.##,,,
#@.....#,..(..#,..
#oo....#.[....#...
#......##....##...
#.....#.##..##.#..
#....#!#.#..#.#.#.
#....##.#....#.##.
#...#.##......##.#
#..#.#..†.......#.
#..##............#


You could see 2 orc priests, an orc wizard and an orc.


Message History

You scratch the jackal. The jackal barely misses you.
A jackal is nearby!
You scratch the jackal.
You kill the jackal!
No target in view!
Things that are here:
a +0 club; a +0 leather armour; an orc corpse You see here a jackal corpse.
k - 2 purple potions (gained 1)
An adder comes into view.
An adder comes into view.
The adder hisses angrily. x2
There are monsters nearby!
You miss the adder. The adder completely misses you.
You scratch the adder. The adder bites you but does no damage.
There are monsters nearby!
You scratch the adder. The adder bites you but does no damage.
The adder bites you.
You closely miss the adder. The adder barely misses you. The adder bites you.
The adder barely misses you. 😕 HP[-3]
You take 3 damage, and now have 37/40 hp.
There are monsters nearby!
You closely miss the adder. The adder closely misses you. The adder bites you.
The adder bites you but does no damage.
You scratch the adder.
The adder bites you but does no damage. x2 😕 HP[-3]
You take 3 damage, and now have 34/40 hp.
There are monsters nearby!
You scratch the adder. The adder bites you. The adder barely misses you.
You scratch the adder.
You kill the adder!
You feel better.
The adder bites you but does no damage. 😕 HP[-1]
You take 1 damage, and now have 33/40 hp.
An adder is nearby!
You scratch the adder. You claw the adder.
The adder bites you but does no damage.
You scratch the adder.
You kill the adder!
You feel better. 😕 HP[+4]
You regained 4 hp, and now have 37/40 hp.
e - 2 scrolls labelled BICRUI AXIA (gained 1)
An orc priest comes into view. It is wielding a +0 short sword.
The orc priest shouts!
An orc wizard comes into view. It is wielding a +0 dagger.
You see here a viscous silvery potion. 😎 HP[+3]
Your hp is fully restored (40).
The orc wizard shouts!
You hear a shout!
An orc comes into view. It is wielding a +0 morningstar.
The orc shouts!
An orc priest comes into view. It is wielding a +0 club.
An orc wizard comes into view. It is wielding a +0 dagger.
There are monsters nearby!
The orc priest completely misses you.
You barely miss the orc priest.
The orc wizard points at you and mumbles some strange words.
You are confused.
The orc priest hits you but does no damage.
Unknown command.
You are too confused!
Unknown command.
Okay, then.
The orc wizard misses you.
The orc wizard attacks as you move away!
The orc wizard hits you but does no damage.
The orc wizard mumbles some strange words.
The orc wizard flickers and vanishes!
Deactivating autopickup; reactivate with Ctrl-A.
The orc priest invokes the aid of Beogh against you.
Beogh smites you! 😮 HP[-14]
You take 14 damage, and now have 26/40 hp.
MASSIVE DAMAGE!! (PAUSE)
Your magical effects are unravelling.
You feel magically purged.
You feel less confused. The orc priest hits you with a +0 club.
The orc closely misses you.
The orc wizard closely misses you. 😮 HP[-1]
You take 1 damage, and now have 25/40 hp.
As you read the scroll of teleportation {@r4}, it crumbles to dust.
You feel strangely unstable.
The orc priest hits you with a +0 short sword.
The orc closely misses you. The orc priest hits you with a +0 club.
Something hits you.
* * * LOW HITPOINT WARNING * * *
The orc wizard casts a spell at you. The magic dart hits you.
* * * LOW HITPOINT WARNING * * *
😨 HP[-8]
You take 8 damage, and now have 17/40 hp.
You barely miss something.
The orc priest calls down the wrath of Beogh upon you.
Beogh smites you!
* * * LOW HITPOINT WARNING * * *
The orc hits you with a +0 morningstar!
You die...

Skill      XL: |  1  2  3 |
---------------+----------+-----
Unarmed Combat | 3 |  3.7
Armour         | 3 |  3.2
Dodging        | 1 |  1.3
Fighting       | |  3.9
Shields        | |  2.6

Action                   |  1- 3 |  4- 6 || total
-------------------------+-------+-------++-------
Melee: Unarmed           |   122 |    31 ||   153
       Punch             |     2 |     2 ||     4
  Use: Scroll            |       |     9 ||     9
       Potion            |       |     1 ||     1
Armor: Scale mail        |    81 |    15 ||    96
Dodge: Dodged            |    72 |    19 ||    91
Block: Buckler           |     9 |       ||     9

Levels and vault maps discovered:
D:1:      minmay_arrival_semitransparent, layout_loops_corners,
          dreamdust_ecumenical_altar_hidden_monk_grotto, grunt_decor_arrowhead
D:2:      layout_basic, basic_altar
D:3:      layout_rooms, minmay_misc_feat_secret_circle

Notes
Turn   | Place    | Note
-------+----------+-------------------------------------------
     0 | D:1      | kae the Ghoul Fighter began the quest for the Orb.
     0 | D:1      | Reached XP level 1. HP: 19/19 MP: 0/0
     0 | D:1      | magus.rc [v1.11.3]
    54 | D:1      | Reached XP level 2. HP: 26/26 MP: 1/1
   335 | D:1      | Found a faded altar of an unknown god.
   851 | D:1      | Reached XP level 3. HP: 31/31 MP: 2/2
  1033 | D:2      | Reached skill level 3 in Unarmed Combat
  1137 | D:2      | Reached skill level 3 in Armour
  1192 | D:2      | Reached skill level 1 in Dodging
  1314 | D:2      | Found a basalt altar of Yredelemnul.
  1934 | D:3      | Reached XP level 4. HP: 37/40 MP: 3/3
  2182 | D:3      | HP: 4/40 [orc priest/divine providence (13)]
  2182 | D:3      | Mangled by an orc

Vanquished Creatures
  5 adders
  A worm (D:3)
  3 dart slugs
  An orc (D:3)
  7 bats
  An endoplasm (D:1)
  A giant cockroach (D:2)
  A goblin (D:2)
  4 hobgoblins
  9 jackals
  A kobold (D:2)
  2 quokkas
  4 ball pythons
  3 frilled lizards (D:1)
  A rat (D:2)
44 creatures vanquished.

Table legend:
 A = Non-vault XP
 B = Vault XP
 C = Vault XP percentage of total XP
 D = Non-vault monster count
 E = Vault monster count
 F = Vault count percentage of total count
                 A         B        C        D         E       F
            +---------+---------+-------+---------+---------+-------
      Total |     146 |       0 |   0.0 |      44 |       0 |   0.0
            +---------+---------+-------+---------+---------+-------
        D:1 |      34 |       0 |   0.0 |      17 |       0 |   0.0
        D:2 |      45 |       0 |   0.0 |      18 |       0 |   0.0
        D:3 |      67 |       0 |   0.0 |       9 |       0 |   0.0
            +---------+---------+-------+---------+---------+-------

Illustrated notes

Table legend:
 A = Kills in this place as a percentage of kills in entire the game.
 B = Kills by you in this place as a percentage of kills by you in the entire game.
 C = Kills by friends in this place as a percentage of kills by friends in the entire game.
 D = Other kills in this place as a percentage of other kills in the entire game.
 E = Experience gained in this place as a percentage of experience gained in the entire game.
 F = Experience gained in this place divided by the number of levels of this place that you have seen.
                   A       B       C       D       E      F
               +-------+-------+-------+-------+-------+----------------------
         Total | 100.0 | 100.0 |   N/A |   N/A | 100.0 |  48.7
       Dungeon | 100.0 | 100.0 |   N/A |   N/A | 100.0 |  48.7
               +-------+-------+-------+-------+-------+----------------------

Table legend: (Time is in decaauts)
 A = Elapsed time spent in this place.
 B = Non-inter-level travel time spent in this place.
 C = Inter-level travel time spent in this place.
 D = Time resting spent in this place.
 E = Time spent auto-exploring this place.
 F = Levels seen in this place.
 G = Mean time per level.
                   A        B        C        D        E       F      G
               +--------+--------+--------+--------+--------+-----+--------+
         Total |   2175 |   2121 |     54 |      0 |   1805 |   3 |  725.0 |
       Dungeon |   2175 |   2121 |     54 |      0 |   1805 |   3 |  725.0 |
               +--------+--------+--------+--------+--------+-----+--------+

Top non-repeatable levels by time:
     D:1: 999 daAuts
     D:2: 935 daAuts
     D:3: 240 daAuts
